 Dungeon Crawl Stone Soup version 0.28.0-53-g5a82cb258f (webtiles) character file.

Game seed: 900434272081110356

8 RevDB the Magician (level 2, 20/20 HPs)
             Began as a Draconian Hedge Wizard on June 30, 2022.
             Quit the game on level 2 of the Dungeon.
             The game lasted 00:04:14 (388 turns).

RevDB the Magician (Draconian Hedge Wizard)          Turns: 388, Time: 00:04:15

Health: 20/20      AC:  4    Str: 12    XL:     2   Next: 0%
Magic:  0/6        EV: 12    Int: 14    God:
Gold:   18         SH:  0    Dex: 10    Spells: 6/7 levels left

rFire   . . .      SeeInvis .   a - +0 dagger
rCold   . . .      Faith    .   (no shield)
rNeg    . . .      Spirit   .   (armour unavailable)
rPois   .          Reflect  .   b - +0 hat
rElec   .          Harm     .   (no cloak)
rCorr   .          Rampage  .   (no gloves)
Will    .....                   (no boots)
Stlth   ++........              (no amulet)
HPRegen 0.06/turn               (no ring)
MPRegen 0.10/turn               (no ring)

@: no status effects
A: AC +4, unfitting armour, cold-blooded
a: no special abilities


You were on level 2 of the Dungeon.
You visited 1 branch of the dungeon, and saw 3 of its levels.

You collected 18 gold pieces.

Inventory:

Hand Weapons
 a - a +0 dagger (weapon)
Armour
 b - a +0 hat (worn)
 d - a +2 robe of fire resistance
Scrolls
 c - a scroll of immolation {unknown}
 f - a scroll of magic mapping {unknown}
Potions
 e - a potion of curing {unknown}


   Skills:
 + Level 1.9 Dodging
 + Level 2.0 Stealth
 + Level 3.0 Spellcasting
 + Level 1.1 Conjurations
 + Level 1.2 Summonings
 + Level 1.1 Translocations


You had 6 spell levels left.
You knew the following spells:

 Your Spells              Type           Power      Damage    Failure   Level
a - Magic Dart            Conj           20%        1d4       13%         1

Your spell library contained the following spells:

 Spells                   Type           Power      Damage    Failure   Level
 Blink                    Tloc           10%        N/A       21%         2
 Call Imp                 Summ           5%         N/A       21%         2
 Slow                     Hex            8%         N/A       22%         1
 Conjure Flame            Conj/Fire      3%         6-21      45%         3
 Mephitic Cloud           Conj/Pois/Air  3%         N/A       50%         3


Dungeon Overview and Level Annotations

Branches:
Dungeon (3/15)

Altars:


Innate Abilities, Weirdness & Mutations

Your plain brown scales are hard. (AC +4)
You cannot fit into any form of body armour.
You are cold-blooded and may be slowed by cold attacks.


Message History

A rat is nearby!
Aiming: Magic Dart (safe; 14% risk of failure)
Press: ? - help, Q - select action Shift-Dir - straight line, f - rat
Aim: a rat (wandering, hasn't noticed you, 100% to hit)
The magic dart hits the rat but does no damage.
Aiming: Magic Dart (safe; 14% risk of failure)
Press: ? - help, Q - select action Shift-Dir - straight line, f/p - rat
Aim: a rat (100% to hit)
The magic dart hits the rat.
You kill the rat!
A hobgoblin comes into view.
Found 22 stones.
Aiming: Magic Dart (safe; 13% risk of failure)
Press: ? - help, Q - select action Shift-Dir - straight line, f - hobgoblin
Aim: a hobgoblin (asleep, 100% to hit)
The magic dart hits the hobgoblin but does no damage.
The hobgoblin shouts!
Aiming: Magic Dart (safe; 13% risk of failure)
Press: ? - help, Q - select action Shift-Dir - straight line, f/p - hobgoblin
Aim: a hobgoblin (100% to hit)
The magic dart hits the hobgoblin but does no damage.
Aiming: Magic Dart (safe; 13% risk of failure)
Press: ? - help, Q - select action Shift-Dir - straight line, f/p - hobgoblin
Aim: a hobgoblin (100% to hit)
The magic dart hits the hobgoblin.
The hobgoblin is moderately wounded.
You don't have enough magic to cast this spell.
You don't have enough magic to cast this spell.
Aiming: Magic Dart (safe; 13% risk of failure)
Press: ? - help, Q - select action Shift-Dir - straight line, f/p - hobgoblin
Aim: a hobgoblin (moderately wounded, 100% to hit)
The magic dart hits the hobgoblin.
The hobgoblin is severely wounded.
You hit the hobgoblin.
You kill the hobgoblin!
Your Stealth skill increases to level 2!
You have reached level 2!
Unknown command.
Unknown command.
Are you sure you want to abandon this character and quit the game? (Confirm with "yes".)

#..########.#
#..# #.# #..#
#.#
#..########.##
#............#
#.#########..#
.. #....#
#....# #..@.#
#....#
....#..#
.(..#.#..#
##..#.#..# #.
#.#..# # #...
##.#


There were no monsters in sight!

Vanquished Creatures
  A bat (D:1)
  An endoplasm (D:1)
  A giant cockroach (D:2)
  2 hobgoblins
  A kobold (D:2)
  A rat (D:2)
7 creatures vanquished.

Notes
Turn   | Place    | Note
-------+----------+-------------------------------------------
     0 | D:1      | RevDB the Draconian Hedge Wizard began the quest for the
                  | Orb.
     0 | D:1      | Reached XP level 1. HP: 14/14 MP: 4/4
   388 | D:2      | Reached XP level 2. HP: 20/20 MP: 0/6
   388 | D:2      | Quit the game

Illustrated notes

Levels and vault maps discovered:
D:1:      giann_bridges, layout_basic, serial_glass, glass_columns_a,
          glass_columns_b
D:2:      layout_basic, uniq_jessica
D:3:      wad_woods_settlement, layout_basic, minmay_distorted

Skill      XL: |  1 |
---------------+----+-----
Stealth        | 2 |  2.0
Dodging        | |  1.9
Spellcasting   | |  3.0
Conjurations   | |  1.1
Summonings     | |  1.2
Translocations | |  1.1

Action                   || total
-------------------------++-------
Melee: Dagger            ||     9
       Punch             ||     1
 Cast: Magic Dart        ||    16
Armor: Skin              ||     4
Dodge: Dodged            ||     6
